AoeStats
← TheQuietRiot

Arena

510170921Analyzed
1v1 RM · 1d ago on Sep 29, 2026· 27m 27s· 2 players
Game mode
Random Map
Map size
Tiny (2 player)
Population
200
Speed
Normal
Resources
Standard
Victory
Conquest
Starting age
Dark Age
Ending age
Imperial Age
RankedLock teamsTeams togetherTeam positionsShared explorationLock speedFull tech treeHidden civsTurbo modeCheats
Victory
Defeat
999
+16
🇬🇧 Saxons · United Kingdom
1005
-16
El Hombre Divino de la Estepa
7:22 Loom
11:31 Feudal Age
15:13 Castle Age
13:26 Double-Bit Axe
13:23 Horse Collar
14:21 Stone Mining
19:57 Heavy Plow
22:50 Scale Mail Armor
26:26 Chain Mail Armor
26:56 Forging
28:12 Wheelbarrow
TheQuietRiot
9:44 Feudal Age
8:02 Loom
10:10 Double-Bit Axe
16:14 Castle Age
14:03 Loom
22:25 Forging
26:24 Man-at-Arms
27:07 Squires
Connection lost

Rejoining the realm…

Still unreachable

The connection could not be restored.

Session expired

The server has moved on; the page needs a fresh start.